 Dungeon Crawl Stone Soup version 0.25-a0-36-g303dd5b1f4 (webtiles) character file.

Game seed: 8834228869433010322, levelgen mode: deterministic

1935 Gebura the Insei (level 8, -1/74 HPs)
             Began as a Demonspawn Transmuter on Oct 20, 2019.
             Was an Initiate of Cheibriados.
             Slain by a killer bee (4 damage)
             ... on level 8 of the Dungeon.
             The game lasted 00:36:35 (11045 turns).

Gebura the Insei (Demonspawn Transmuter)           Turns: 11045, Time: 00:36:36

Health: -1/74      AC:  6    Str: 11    XL:     8   Next: 97%
Magic:  14/15      EV: 15    Int: 18    God:    Cheibriados [......]
Gold:   348        SH:  0    Dex: 20    Spells: 7/17 levels left

rFire    x . .     SeeInvis +     - Unarmed
rCold    + + +     Gourm    .   (shield currently unavailable)
rNeg     . . .     Faith    .   (armour currently unavailable)
rPois    +         Spirit   .   (helmet currently unavailable)
rElec    .         Reflect  .   (cloak currently unavailable)
rCorr    .         Harm     .   (gloves currently unavailable)
MR       .....                  (boots currently unavailable)
Stlth    +++.......             j - amulet of rage
HPRegen  0.22/turn              C - ring of see invisible
MPRegen  0.14/turn              (no ring)

@: agile, lethally poisoned (-1 -> -3), ice-form, very slow
A: large, demonic guardian 1, powered by death 1
a: End Transformation, Bend Time, Renounce Religion, Evoke Berserk Rage


You were on level 8 of the Dungeon.
You worshipped Cheibriados.
Cheibriados was noncommittal.
You were not hungry.
You were a creature of crystalline ice.
You visited 2 branches of the dungeon, and saw 9 of its levels.
You also visited: Sewer.

You collected 420 gold pieces.
You spent 72 gold pieces at shops.

Inventory:

Hand Weapons
 l - the +6 short sword "Aryurghad" (melded) {pierce, Str+5 Dex+3 Stlth+}
   (You found it on level 5 of the Dungeon)

   It inflicts extra damage upon your enemies.
   It affects your strength (+5).
   It affects your dexterity (+3).
   It makes you more stealthy.
Missiles
 a - 36 arrows
 h - 45 poisoned darts (quivered)
Armour
 b - a +0 robe
 c - a +2 hat (melded)
 r - the +1 robe "Onaist" (melded) {+Inv}
   (You found it on level 4 of the Dungeon)

   It lets you turn invisible.
Jewellery
 j - an amulet of rage (around neck)
 o - an uncursed ring of ice
 w - an uncursed amulet of guardian spirit {unknown}
 C - a ring of see invisible (left front paw)
Wands
 e - a wand of paralysis (4)
 g - a wand of enslavement (15)
 t - a wand of polymorph (7)
 y - a wand of acid (13)
 D - a wand of random effects (25)
Scrolls
 f - 2 scrolls of fog
 i - 3 scrolls of enchant weapon
 k - 3 scrolls of amnesia
 m - a scroll of summoning {unknown}
 p - 6 scrolls of enchant armour
 s - 2 scrolls of remove curse
 A - 4 scrolls of teleportation
 B - 2 scrolls of fear
 F - a scroll of noise {unknown}
Potions
 n - a potion of invisibility {unknown}
 q - 2 potions of ambrosia {unknown}
 u - a potion of flight {unknown}
 v - 2 potions of brilliance
 z - a potion of might {unknown}
Comestibles
 d - 7 rations


   Skills:
 + Level 5.0 Fighting
 - Level 1.7 Dodging
 + Level 5.6 Unarmed Combat
 + Level 5.2 Spellcasting
 + Level 5.1 Transmutations
 + Level 1.1 Ice Magic
 + Level 1.9 Invocations
 - Level 3.9 Evocations


You had 7 spell levels left.
You knew the following spells:

 Your Spells              Type           Power        Failure   Level  Hunger
a - Beastly Appendage     Tmut           ###...       1%          1    None
b - Sticks to Snakes      Tmut           ###.....     2%          2    #......
c - Spider Form           Tmut/Pois      ##........   14%         3    ##.....
d - Ice Form              Ice/Tmut       ###.....     34%         4    ####...

Your spell library contained the following spells:

 Spells                   Type           Power        Failure   Level  Hunger
 Blade Hands              Tmut           ###.......   41%         5    ######.


Dungeon Overview and Level Annotations

Branches:
Dungeon (8/15)             Temple (1/1) D:6           Sewer (visited)
   Lair: D:8-11

Altars:
Ashenzari
Cheibriados
Dithmenos
Elyvilon
Gozag
Hepliaklqana
Kikubaaqudgha
Makhleb
Nemelex Xobeh
Okawaru
Qazlal
Ru
Trog
Wu Jian
Xom
Yredelemnul

Shops:
D:7 ?

Annotations:
D:2 exclusion: adder
D:7 exclusion: downstairs


Innate Abilities, Weirdness & Mutations

((You have very sharp fingernails.))
((You have hoof-like feet.))
A weak demonic guardian rushes to your aid.
You regenerate a little health from kills.


Message History

The killer bee stings you.
* * * LOW HITPOINT WARNING * * *
The killer bee stings you!
* * * LOW HITPOINT WARNING * * *
You feel agile all of a sudden.
You feel sick. The killer bee misses you. The killer bee stings you.
* * * LOW HITPOINT WARNING * * *
The killer bee completely misses you. The killer bee barely misses you.
You completely miss the killer bee.
The killer bee is almost dead.
The killer bee completely misses you. The killer bee barely misses you.
The killer bee stings you.
* * * LOW HITPOINT WARNING * * *
The killer bee barely misses you.
You barely miss the killer bee.
The killer bee is almost dead.
The killer bee stings you.
* * * LOW HITPOINT WARNING * * *
The killer bee barely misses you. The killer bee stings you.
You die...

... #+ #.. .# #.
#.## #.##
.###.###..# ##...
.........y## #...
#.#....#...### #..
#............# #.#
###.##.##.##.###y#
#...........)yY#
####.#####.#####
#.<# #..# ####
##.# #.# #.# #.#
#.


You could see 2 killer bees.

Vanquished Creatures
  A water moccasin (D:7)
  An ice beast (D:6)
  A centaur (D:5)
  2 big kobolds (Sewer)
  2 bullfrogs
  2 scorpions
  4 killer bees (D:8)
  A water moccasin skeleton (D:5)
  2 crimson imps
  A bullfrog zombie (D:6)
  A quasit (D:6)
  6 hounds
  A bullfrog skeleton (D:5)
  2 orc priests
  An iguana (D:7)
  6 worker ants
  A worker ant zombie (D:5)
  14 adders
  5 gnolls (D:5)
  A river rat (Sewer)
  A shadow imp (D:6)
  2 oozes (Sewer)
  An adder zombie (D:7)
  9 worms
  2 leopard geckos
  9 orcs
  5 ball pythons
  8 bats
  3 giant cockroaches
  6 goblins (D:2)
  14 hobgoblins
  4 jackals
  4 quokkas
  5 frilled lizards
  A jackal skeleton (D:5)
  11 kobolds
  A leopard gecko skeleton (D:5)
  A quokka zombie (D:6)
  14 rats
156 creatures vanquished.

Vanquished Creatures (collateral kills)
  A hungry ghost (D:8)
  An ogre (D:5)
  An adder (D:4)
  2 leopard geckos (D:5)
  6 orcs (D:5)
  A jackal (D:2)
12 creatures vanquished.

Vanquished Creatures (others)
  A crimson imp (D:5)
  An orc (D:5)
2 creatures vanquished.

Grand Total: 170 creatures vanquished

Notes
Turn   | Place    | Note
-------+----------+-------------------------------------------
     0 | D:1      | Gebura the Demonspawn Transmuter began the quest for the
                  | Orb.
     0 | D:1      | Reached XP level 1. HP: 15/15 MP: 3/3
   673 | D:1      | Gained mutation: You have sharp fingernails. [demonic
                  | ancestry]
   673 | D:1      | Reached XP level 2. HP: 17/21 MP: 5/5
   766 | D:1      | Learned a level 2 spell: Sticks to Snakes
  1853 | D:2      | Gained mutation: You have large cloven feet. [demonic
                  | ancestry]
  1853 | D:2      | Reached XP level 3. HP: 26/26 MP: 2/6
  2024 | D:2      | Learned a level 3 spell: Spider Form
  3270 | D:3      | Gained mutation: You regenerate a little health from kills.
                  | [demonic ancestry]
  3270 | D:3      | Reached XP level 4. HP: 32/32 MP: 8/8
  4184 | D:4      | Found a shimmering altar of Xom.
  4185 | D:4      | Found a stormy altar of Qazlal.
  4204 | D:4      | Found a hazy altar of Hepliaklqana.
  4296 | D:5      | Entered Level 5 of the Dungeon
  4308 | D:5      | Got a brightly glowing short sword
  4310 | D:5      | Identified the +6 short sword "Aryurghad" {pierce, Str+5
                  | Dex+3 Stlth+} (You found it on level 5 of the Dungeon)
  4381 | D:3      | Gained mutation: You have very sharp fingernails. [demonic
                  | ancestry]
  4381 | D:3      | Reached XP level 5. HP: 16/38 MP: 1/9
  4768 | D:4      | Got a twisted robe
  4779 | D:4      | Identified the +1 robe "Onaist" {+Inv} (You found it on
                  | level 4 of the Dungeon)
  4988 | D:4      | Noticed an ogre
  5659 | D:5      | Noticed a centaur
  6186 | D:5      | Reached XP level 6. HP: 43/46 MP: 11/11
  6268 | D:5      | Reached skill level 1 in Evocations
  6449 | D:5      | HP: 2/46 [centaur/+0 quarterstaff (8)]
  6535 | D:5      | Gained mutation: You have hoof-like feet. [demonic
                  | ancestry]
  6535 | D:5      | Reached XP level 7. HP: 31/52 MP: 7/12
  7838 | D:6      | Found a glowing drain.
  7896 | Sewer    | Entered a sewer
  8673 | D:6      | Gained mutation: A weak demonic guardian rushes to your
                  | aid. [demonic ancestry]
  8673 | D:6      | Reached XP level 8. HP: 60/60 MP: 14/14
  8982 | D:7      | Reached skill level 5 in Unarmed Combat
  9193 | D:7      | Found Souxt's Magic Scroll Shop.
  9197 | D:7      | Bought a scroll of teleportation for 36 gold pieces
  9197 | D:7      | Bought a scroll of teleportation for 36 gold pieces
 10146 | D:6      | Found a shattered altar of Ashenzari.
 10155 | D:6      | Reached skill level 5 in Spellcasting
 10519 | D:6      | Found a staircase to the Ecumenical Temple.
 10524 | Temple   | Entered the Ecumenical Temple
 10566 | Temple   | Became a worshipper of Cheibriados the Contemplative
 10638 | D:6      | Learned a level 4 spell: Ice Form
 10878 | D:8      | Reached skill level 5 in Transmutations
 10878 | D:8      | Reached skill level 1 in Invocations
 11029 | D:8      | Reached skill level 5 in Fighting
 11029 | D:8      | Reached skill level 1 in Ice Magic
 11045 | D:8      | HP: 3/74 [killer bee (3)]
 11045 | D:8      | Slain by a killer bee

Levels and vault maps discovered:
D:1:      denvon_arrival_planthouse, layout_basic
D:2:      cheibrodos_greedy_goblins, layout_basic, kennysheep_nub
D:3:      layout_basic
D:4:      layout_cave_pods, chequers_temple_overflow_statue_of_worship
D:5:      minmay_chambers_of_threes, layout_rooms, first_ration
D:6:      layout_gridville, minmay_temple_entry_glassed_door, basic_altar,
          cheibrodos_sewer_entry_sluice
D:7:      layout_loops_cross, serial_shops, shop
D:8:      layout_loops_cross, minitemple, lemuel_doored_altar, led_sif_pool,
          vehumet_crystals, basic_altar, hangedman_little_slice_of_home,
          kennysheep_path_1, kennysheep_generic_room_14
Temple:   cyrus_circular_temple

Skill      XL: |  1  2  3  4  5  6  7  8 |
---------------+-------------------------+-----
Transmutations | 2 3 4 5 |  5.1
Unarmed Combat | 3 4 5 |  5.6
Spellcasting   | 3 4 5 |  5.2
Fighting       | 2 3 4 5 |  5.0
Evocations     | 1 3 |  3.9
Invocations    | 1 |  1.9
Ice Magic      | 1 |  1.1
Dodging        | |  1.7

Action                   |  1- 3 |  4- 6 |  7- 9 || total
-------------------------+-------+-------+-------++-------
Melee: Spear             |    25 |       |       ||    25
       Dagger            |    16 |       |       ||    16
       Kick              |    14 |    10 |    49 ||    73
       Unarmed           |   122 |   130 |    32 ||   284
       Punch             |     1 |     1 |     4 ||     6
       Headbutt          |     1 |     1 |       ||     2
       Short sword       |       |       |   196 ||   196
Throw: Dart              |       |     5 |       ||     5
 Cast: Beastly Appendage |    10 |     1 |       ||    11
       Sticks to Snakes  |     1 |    11 |     1 ||    13
       Spider Form       |     1 |    15 |     2 ||    18
       Ice Form          |       |       |     1 ||     1
 Abil: End Transformatio |     1 |       |     1 ||     2
Evoke: Wand              |       |     4 |     2 ||     6
  Use: Scroll            |     5 |     6 |     4 ||    15
       Potion            |     3 |     3 |     1 ||     7
 Stab: Sleeping          |     1 |       |     3 ||     4
       Paralysed         |       |       |     4 ||     4
  Eat: Chunk             |     7 |     5 |    11 ||    23
       Ration            |       |     3 |     2 ||     5
Armor: Robe              |    26 |    20 |    49 ||    95
       Skin              |       |    17 |     9 ||    26
Dodge: Dodged            |    91 |   133 |   133 ||   357

Table legend:
 A = Non-vault XP
 B = Vault XP
 C = Vault XP percentage of total XP
 D = Non-vault monster count
 E = Vault monster count
 F = Vault count percentage of total count
                 A         B        C        D         E       F
            +---------+---------+-------+---------+---------+-------
      Total |    2234 |     531 |  19.2 |     118 |      50 |  29.8
            +---------+---------+-------+---------+---------+-------
        D:1 |      25 |       0 |   0.0 |      18 |       0 |   0.0
        D:2 |      39 |      18 |  31.6 |      21 |       9 |  30.0
        D:3 |      92 |       0 |   0.0 |      15 |       0 |   0.0
        D:4 |     154 |       0 |   0.0 |       5 |       0 |   0.0
        D:5 |     412 |     180 |  30.4 |      23 |      10 |  30.3
        D:6 |     600 |      11 |   1.8 |      17 |       3 |  15.0
        D:7 |     477 |       0 |   0.0 |      11 |       0 |   0.0
        D:8 |     435 |       0 |   0.0 |       8 |       0 |   0.0
      Sewer |       0 |     322 | 100.0 |       0 |      28 | 100.0
            +---------+---------+-------+---------+---------+-------
